Map: Templo Congelado

Players

wizardgamer

  • Race: Zerg Zerg
  • League: Master

TheZergLord - Winner!

  • Race: Zerg Zerg
  • League: Grandmaster

VOD

Have the link to the VOD?

Description

Time

  • Played on: May 27, 2016, 1:01 p.m.
  • Length: 8:45
Show
View Real Time Build Order
Export as new Build Order

wizardgamer Zerg 

Build Orders: Hatch First 

Get SALT Encoding   

  12  0:02  Drone  
  13  0:16  Overlord  
  13  0:21  Drone  
  14  0:35  Drone x2  
  16  0:50  Hatchery  
  16  0:53  Drone  
  16  0:56  Drone  
  17  1:00  Drone  
  18  1:04  Extractor  
  18  1:11  Drone  
  18  1:21  Spawning Pool  
  18  1:23  Drone  
  18  1:31  Drone  
  19  1:43  Drone  
  20  1:53  Overlord  
  20  2:09  Queen x2  
  20  2:10  Zergling x4  
  26  2:16  Drone, Metabolic Boost  
  26  2:17  Drone  
  28  2:25  Roach Warren  
  28  2:28  Drone  
  28  2:32  Drone  
  29  2:38  Drone  
  29  2:40  Overlord  
  30  2:45  Drone  
  29  3:06  Drone x3  
  32  3:17  Roach x5  
  42  3:21  Overlord x2  
  42  3:23  Overlord  
  42  3:38  Hatchery  
  42  3:41  Hatchery  
  41  3:50  Drone x4  
  41  3:53  Ravager x2  
  47  3:55  Overlord  
  47  4:07  Drone x2  
  47  4:08  Drone x3  
  52  4:12  Extractor  
  51  4:18  Ravager  
  51  4:22  Drone  
  51  4:23  Drone x2  
  55  4:24  Overlord x2  
  55  4:39  Drone x4  
  55  4:41  Evolution Chamber, Extractor  
  55  4:42  Drone x2  
  59  4:46  Extractor  
  58  4:55  Roach  
  58  4:56  Roach x4  
  68  5:00  Spore Crawler x2  
  66  5:09  Spore Crawler  
  66  5:11  Zerg Missile Weapons Level 1  
  66  5:12  Queen  
  67  5:23  Roach x4  
  75  5:34  Zergling x6  
  75  5:35  Zergling x10  
  83  5:41  Roach x2  
  83  5:57  Roach x4  
  82  5:58  Ravager  
  84  6:05  Ravager  
  84  6:09  Drone x4  
  84  6:10  Drone  
  90  6:11  Overlord x2  
  90  6:14  Overlord  
  87  6:25  Zergling x6  
  85  6:26  Zergling x4  
  85  6:29  Lair  
  85  6:31  Ravager  
  90  6:33  Ravager  
  90  6:39  Zergling x12  
  97  6:44  Overlord  
  97  6:45  Drone  
  97  6:46  Drone  
  99  6:50  Ravager  
  99  6:52  Ravager  
  101  6:57  Drone x6  
  101  7:01  Extractor  
  106  7:12  Zergling x2  
  106  7:13  Zergling x16  
  116  7:17  Spine Crawler  
  108  7:32  Hatchery  
  107  7:42  Drone x3  
  104  7:47  Overlord x3  
  104  7:48  Roach  
  104  7:49  Roach x2  
  107  7:58  Extractor  
  106  8:02  Ravager  
  106  8:03  Ravager x4  
  111  8:08  Roach x2  
  111  8:12  Zergling x4  
  117  8:13  Zergling x4  
Show
View Real Time Build Order
Export as new Build Order

TheZergLord Zerg - Winner!

Build Orders: Hatch First 

Get SALT Encoding   

  12  0:01  Drone  
  13  0:12  Overlord  
  13  0:17  Drone  
  14  0:32  Drone  
  14  0:33  Drone  
  14  0:34  Drone  
  17  0:53  Hatchery  
  17  0:55  Drone  
  17  1:08  Spawning Pool  
  16  1:12  Extractor  
  16  1:13  Drone  
  16  1:18  Drone  
  17  1:21  Drone  
  18  1:29  Drone  
  19  1:42  Overlord  
  19  1:56  Queen  
  19  1:57  Drone  
  23  2:01  Zergling x2  
  23  2:04  Queen  
  23  2:05  Drone  
  26  2:12  Drone  
  27  2:17  Drone  
  28  2:24  Drone  
  28  2:28  Drone  
  30  2:33  Queen  
  32  2:39  Overlord  
  32  2:40  Queen  
  34  2:45  Drone x2  
  36  2:56  Metabolic Boost  
  35  3:11  Lair  
  34  3:15  Drone x5  
  34  3:16  Drone x2  
  41  3:21  Evolution Chamber  
  40  3:28  Roach Warren  
  39  3:34  Drone  
  39  3:36  Overlord  
  39  3:37  Drone  
  39  3:39  Extractor  
  40  3:44  Drone x2, Extractor  
  40  3:48  Zerg Missile Weapons Level 1  
  41  4:00  Drone x3  
  41  4:01  Drone x3  
  47  4:03  Overlord  
  47  4:13  Glial Reconstitution  
  47  4:16  Drone x3  
  50  4:17  Overlord  
  50  4:21  Overseer  
  50  4:27  Overlord  
  50  4:36  Roach x4  
  50  4:38  Roach  
  60  4:47  Roach x3  
  66  4:54  Overlord  
  66  4:55  Overlord x2  
  66  5:09  Overlord  
  66  5:14  Roach x5  
  74  5:19  Roach  
  78  5:24  Roach x3  
  84  5:33  Drone  
  85  5:39  Drone  
  85  5:45  Hatchery  
  85  5:48  Roach x4  
  92  5:50  Overlord  
  86  6:00  Roach x4  
  88  6:06  Roach  
  90  6:16  Roach x4  
  98  6:24  Roach  
  92  6:27  Roach  
  94  6:40  Roach x3  
  94  6:42  Overlord  
  94  6:43  Overlord x2  
  100  7:02  Roach  
  100  7:03  Roach x5  
  112  7:12  Roach x3  
  112  7:13  Roach x4  
  110  7:31  Roach x6  
  122  7:57  Roach  
  124  7:59  Overlord x3  
  124  8:00  Overlord  
  124  8:01  Hatchery  
  123  8:13  Overlord x2  
Tags
 
Add a new tag
Caveats
  • Supply blocks, unpowered buildings, or Contaminate may cause inaccurate times.
  • Supply counts are checked every 10 seconds.